 Dungeon Crawl Stone Soup version 0.30-a0-802-gb92711bcdf (webtiles) character file.

Game seed: 5871850350908860658

3993 Hubris850 the Chiller (level 10, -4/78 HPs)
             Began as a Green Draconian Ice Elementalist on Feb 23, 2023.
             Was a Believer of Vehumet.
             Slain by GiantSquids's ghost (16 damage)
             ... on level 7 of the Dungeon.
             The game lasted 00:39:28 (7907 turns).

Hubris850 the Chiller (DrIE)                        Turns: 7907, Time: 00:39:29

Health: -4/78      AC: 21    Str: 10    XL:     10   Next: 3%
Magic:  7/20       EV: 12    Int: 20    God:    Vehumet [**....]
Gold:   187        SH:  4    Dex: 12    Spells: 5/22 levels left

rFire   . . .      SeeInvis .    v - +1 dagger (elec)
rCold   . . .      Faith    .    I - +0 buckler
rNeg    . . .      Spirit   .    (body armour unavailable)
rPois   +          Reflect  .    (helmet restricted)
rElec   .          Harm     .    B - +1 cloak
rCorr   +          Rampage  .    (no gloves)
Will    .....                    b - +0 pair of boots
Stlth   ++                       (no amulet)
HPRegen 0.33/turn                s - +4 ring of protection
MPRegen 0.17/turn                A - ring of resist corrosion

@: ice-armoured (expiring), on berserk cooldown, very slightly contaminated,
slowed, very slow
A: breathe noxious fumes, AC +7, unfitting armour, poison resistance,
cold-blooded
a: Breathe Noxious Fumes, Renounce Religion


You were on level 7 of the Dungeon.
You worshipped Vehumet.
Vehumet was pleased with you.
You visited 1 branch of the dungeon, and saw 7 of its levels.
You also visited: Ossuary.

You collected 351 gold pieces.
You spent 164 gold pieces at shops.

Inventory:

Hand Weapons
 d - a +0 whip
 n - a +0 dagger of speed
 o - a +0 short sword
 t - a +0 dagger of venom
 v - a +1 dagger of electrocution (weapon)
 P - a +1 long sword of holy wrath
Missiles
 m - 6 boomerangs
 C - a throwing net
 J - 4 curare-tipped darts
 M - 8 poisoned darts
Armour
 b - a +0 pair of boots (worn)
 B - a +1 cloak (worn)
 I - a +0 buckler (worn)
 K - a +0 kite shield
Magical Staves
 q - a staff of conjuration
Jewellery
 s - a +4 ring of protection (left hand)
 y - a ring of positive energy
 A - a ring of resist corrosion (right hand)
Scrolls
 c - a scroll of amnesia
 e - 3 scrolls of butterflies
 i - 4 scrolls of teleportation
 j - 2 scrolls of fog
 l - a scroll of silence
 r - 2 scrolls of torment
 x - 2 scrolls of poison
 D - a scroll of enchant weapon {unknown}
 F - 2 scrolls of magic mapping {unknown}
 O - a scroll of blinking {unknown}
Potions
 f - 4 potions of lignification
 g - a potion of invisibility
 h - a potion of heal wounds
 k - 2 potions of haste
 p - 3 potions of ambrosia
 u - a potion of attraction
 w - 2 potions of mutation
 z - 2 potions of flight
 E - a potion of might {unknown}
 G - a potion of cancellation {unknown}
 H - a potion of brilliance {unknown}


   Skills:
 - Level 4.0 Fighting
 - Level 3.0 Short Blades
 - Level 4.0 Dodging
 - Level 4.0 Stealth
 + Level 3.6 Shields
 + Level 6.9 Spellcasting
 + Level 6.3 Conjurations
 - Level 6.9 Ice Magic
 - Level 2.0 Air Magic
 - Level 3.0 Poison Magic


You had 5 spell levels left.
You knew the following spells:

 Your Spells              Type           Power      Damage    Failure   Level
a - Freeze                Ice            100%       1d10      1%          1
b - Frozen Ramparts       Ice            68%        1d11      2%          3
c - Ozocubu's Armour      Ice            34%        N/A       2%          3
d - Mephitic Cloud        Conj/Pois/Air  22%        N/A       8%          3
e - Iskenderun's Mystic   Conj/Tloc      19%        2d6       32%         4
f - Hailstorm             Conj/Ice       33%        3d8       2%          3

Your spell library contained the following spells:

 Spells                   Type           Power      Damage    Failure   Level
 Static Discharge         Conj/Air       46%        2-4/arc   3%          2
 Poisonous Vapours        Pois/Air       32%        N/A       7%          2
 Cigotuvi's Dreadful Rot  Necr/Pois/Air  26%        N/A       10%         2
 Dazzling Flash           Conj/Hex       38%        N/A       10%         3
 Vhi's Electric Charge    Tloc/Air       20%        N/A       26%         3
 Summon Ice Beast         Ice/Summ       20%        N/A       30%         4
 Call Canine Familiar     Summ           6%         N/A       36%         3
 Portal Projectile        Hex/Tloc       12%        N/A       36%         3
 Arcjolt                  Conj/Air       11%        1d21      52%         5
 Lightning Bolt           Conj/Air       11%        1d24      52%         5
 Leda's Liquefaction      Hex/Erth       3%         N/A       77%         4
 Starburst                Conj/Fire      9%         6d5       99%         6


Dungeon Overview and Level Annotations

Branches:
Dungeon (7/15)             Temple (0/1) D:7         Ossuary (visited)

Altars:
Ashenzari
Cheibriados
Elyvilon
Fedhas
Ru
Trog
Uskayaw
Vehumet
Wu Jian
Xom

Shops:
D:1 ?   D:2 (   D:5 *

Annotations:
D:7 GiantSquids's ghost, novice MiBe


Innate Abilities, Weirdness & Mutations

You can breathe blasts of noxious fumes.
Your lurid green scales are hard. (AC +7)
You cannot fit into any form of body armour.
Your system is resistant to poisons. (rPois)
You are cold-blooded and may be slowed by cold attacks.


Message History

Aim: GiantSquids's ghost (severely damaged)
You freeze GiantSquids's ghost.
GiantSquids's ghost is severely damaged.
GiantSquids's ghost yells, "Who would have thought, even in death it is a pleasure to sever!"
GiantSquids's ghost hits you but does no damage.
Casting: Freeze (safe; 1% risk of failure)
Confirm with . or Enter, or press ? or * to list all spells.
Aiming: Freeze (safe; 1% risk of failure)
Press: ? - help, Shift-Dir - straight line, f/p - GiantSquids's ghost
Aim: GiantSquids's ghost (severely damaged)
You freeze GiantSquids's ghost!
GiantSquids's ghost is severely damaged.
GiantSquids's ghost hits you but does no damage. x2
Casting: Freeze (safe; 1% risk of failure)
Confirm with . or Enter, or press ? or * to list all spells.
Aiming: Freeze (safe; 1% risk of failure)
Press: ? - help, Shift-Dir - straight line, f/p - GiantSquids's ghost
Aim: GiantSquids's ghost (severely damaged)
You freeze GiantSquids's ghost!
GiantSquids's ghost is almost destroyed.
Your icy armour starts to melt.
You are no longer locked in place.
GiantSquids's ghost hits you.
* * * LOW HITPOINT WARNING * * *
Casting: Freeze (safe; 1% risk of failure)
Confirm with . or Enter, or press ? or * to list all spells.
Aiming: Freeze (safe; 1% risk of failure)
Press: ? - help, Shift-Dir - straight line, f/p - GiantSquids's ghost
Aim: GiantSquids's ghost (almost destroyed)
You freeze GiantSquids's ghost.
GiantSquids's ghost is almost destroyed.
GiantSquids's ghost hits you.
* * * LOW HITPOINT WARNING * * *
GiantSquids's ghost hits you.
* * * LOW HITPOINT WARNING * * *
Casting: Freeze (safe; 1% risk of failure)
Confirm with . or Enter, or press ? or * to list all spells.
Okay, then.
Unknown command.
You feel better. GiantSquids's ghost hits you!
You die...

#W.##### #.##.⌠.##
#)#.#.#.##
###.)..#...#
#..)'.....[#
#.).'..#...#
#...#.#.#.##
#..W##.⌠.##
#..@.#####
#........#
#........###########
#..)................
#####>........)..###
#########.##...#
#.####.# #.####..
#.......


You could see GiantSquids's ghost.

Vanquished Creatures
  A troll (D:6)
  A shadow (D:7)
  A steam dragon (D:6)
  2 water moccasins
  A sky beast (D:7)
  3 ogres
  3 centaurs
  2 phantoms
  10 kobold brigands
  4 gnoll sergeants
  3 scorpions
  3 bullfrogs
  3 killer bees (D:7)
  4 howler monkeys
  3 orc priests
  6 hounds
  2 iguanas (D:4)
  6 orc wizards
  A mummy (Ossuary)
  Robin (D:2)
  21 gnolls
  9 adders
  A shadow imp (D:7)
  A white imp (D:3)
  2 ufetubi (D:4)
  5 worms
  2 dart slugs
  18 orcs
  3 spectral bats (Ossuary)
  4 ball pythons
  3 bats
  4 endoplasms
  4 giant cockroaches
  12 gnoll zombies (Ossuary)
  13 goblins
  12 hobgoblins
  8 jackals
  3 quokkas
  2 bat simulacra (Ossuary)
  A frilled lizard (D:2)
  2 goblin simulacra (Ossuary)
  4 goblin zombies (Ossuary)
  A hobgoblin zombie (Ossuary)
  15 kobolds
  6 kobold simulacra (Ossuary)
  6 kobold zombies (Ossuary)
  7 orc zombies (Ossuary)
  5 rats (D:1)
  2 rat simulacra (Ossuary)
  5 spectral kobolds (Ossuary)
  7 spectral rats (Ossuary)
248 creatures vanquished.

Vanquished Creatures (others)
  5 toadstools (D:1)
5 creatures vanquished.

Grand Total: 253 creatures vanquished

Notes
Turn   | Place    | Note
-------+----------+-------------------------------------------
     0 | D:1      | Hubris850 the Draconian Ice Elementalist began the quest
                  | for the Orb.
     0 | D:1      | Reached XP level 1. HP: 14/14 MP: 3/3
   252 | D:1      | Reached XP level 2. HP: 20/20 MP: 3/5
   341 | D:1      | Found Retunwuv's Magic Scroll Shop.
   377 | D:1      | Bought a scroll of identify for 26 gold pieces
   663 | D:1      | Found a faded altar of an unknown god.
   911 | D:2      | Found Qeull's Antique Weapon Shoppe.
  1006 | D:2      | Reached XP level 3. HP: 22/26 MP: 2/7
  1010 | D:2      | Learned a level 3 spell: Frozen Ramparts
  1014 | D:2      | Learned a level 3 spell: Ozocubu's Armour
  1205 | D:2      | Noticed Robin
  1224 | D:2      | Killed Robin
  1466 | D:2      | Reached XP level 4. HP: 33/33 MP: 8/8
  1481 | D:2      | Found a broken altar of Ashenzari.
  1900 | D:2      | Reached skill level 5 in Ice Magic
  2453 | D:3      | Found a hide-covered altar of Uskayaw.
  2609 | D:3      | Reached XP level 5. HP: 39/39 MP: 7/10
  2664 | D:3      | Found a shimmering altar of Xom.
  3061 | D:3      | Found a white marble altar of Elyvilon.
  3061 | D:3      | Found an ornate altar of the Wu Jian Council.
  3108 | D:4      | Noticed a phantom
  3139 | D:3      | Killed a phantom
  3140 | D:3      | Reached skill level 1 in Fighting
  3140 | D:3      | Reached skill level 1 in Short Blades
  3219 | D:4      | Reached XP level 6. HP: 48/48 MP: 11/11
  3487 | D:4      | Found a sand-covered staircase.
  3508 | Ossuary  | Entered an ossuary
  4197 | D:4      | Your scales start taking on a lurid green colour.
  4197 | D:4      | Reached XP level 7. HP: 37/57 MP: 3/12
  4197 | D:4      | Gained mutation: Your system is resistant to poisons.
                  | (rPois) [Green Draconian growth]
  4503 | D:5      | Entered Level 5 of the Dungeon
  4565 | D:5      | Found Yvost's Neck Hole.
  4614 | D:5      | Bought a +1 cloak for 138 gold pieces
  4931 | D:5      | Found a sacrificial altar of Ru.
  4933 | D:5      | Found a radiant altar of Vehumet.
  4933 | D:5      | Found a bloodstained altar of Trog.
  4939 | D:5      | Found a blossoming altar of Fedhas.
  4939 | D:5      | Found a broken altar of Ashenzari.
  4939 | D:5      | Found a snail-covered altar of Cheibriados.
  4960 | D:5      | Became a worshipper of Vehumet
  5037 | D:5      | Reached skill level 1 in Conjurations
  5070 | D:5      | Reached XP level 8. HP: 66/66 MP: 12/14
  5616 | D:6      | Reached * piety under Vehumet
  5616 | D:6      | Offered knowledge of Magic Dart by Vehumet.
  5619 | D:6      | Reached skill level 5 in Spellcasting
  5945 | D:6      | Reached XP level 9. HP: 4/71 MP: 14/17
  6182 | D:6      | Learned a level 3 spell: Mephitic Cloud
  6518 | D:7      | Noticed a troll
  6519 | D:7      | Reached skill level 1 in Poison Magic
  6540 | D:6      | Killed a troll
  6541 | D:6      | Reached skill level 1 in Air Magic
  6623 | D:7      | Learned a level 4 spell: Iskenderun's Mystic Blast
  6751 | D:7      | Reached ** piety under Vehumet
  6756 | D:7      | Offered knowledge of Foxfire by Vehumet.
  6761 | D:7      | Reached skill level 5 in Conjurations
  6860 | D:7      | Reached skill level 1 in Shields
  7012 | D:7      | Found a staircase to the Ecumenical Temple.
  7202 | D:7      | Found a runed translucent gate.
  7202 | D:7      | Found a runed translucent gate.
  7203 | D:7      | Noticed GiantSquids's ghost (novice MiBe)
  7208 | D:7      | Found a runed translucent gate.
  7818 | D:7      | Reached XP level 10. HP: 78/78 MP: 20/20
  7834 | D:7      | Offered knowledge of Hailstorm by Vehumet.
  7841 | D:7      | Learned a level 3 spell: Hailstorm
  7892 | D:7      | HP: 2/78 [GiantSquids's ghost (6)]
  7906 | D:7      | HP: 3/78 [GiantSquids's ghost (2)]
  7907 | D:7      | Slain by GiantSquids's ghost

Illustrated notes

Levels and vault maps discovered:
D:1:      ldierk_walled_garden, layout_basic, serial_shops,
          nicolae_shop_statue_plus, basic_ecumenical_altar, minmay_misc_feat_x,
          grunt_decor_fettered
D:2:      layout_loops_ring, serial_co_window_serial,
          co_window_of_opportunity_a, co_window_paths_b, co_window_corner_a,
          co_window_paths_b, co_window_paths_b, co_window_corner_a,
          co_window_corner_ca, co_window_corner_ca, co_window_2corner,
          co_window_unsneaky_path_e, co_window_unsneaky_path_c,
          co_window_4corner_b, glass_columns_b, serial_shops,
          nicolae_shop_hallway_stairs, basic_altar, uniq_robin
D:3:      layout_rooms, mainiacjoe_overflow_24_doors,
          mainiacjoe_overflow_divided_tiny, lemuel_crystal_altar
D:4:      layout_rooms, nicolae_ossuary_entry_false_entrances,
          corexii_hall_statues_s
D:5:      layout_loops_ring, grunt_temple_overflow_open,
          nicolae_shop_sticking_my_neck_out
D:6:      layout_rooms
D:7:      layout_basic, minmay_temple_entry_mini_moons,
          gammafunk_ghost_nasty_kobolds, grunt_ministairs_14, minivault_19

Skill      XL: |  1  2  3  4  5  6  7  8  9 |
---------------+----------------------------+-----
Spellcasting   | 3 4 5 6 |  6.9
Ice Magic      | 5 6 |  6.9
Stealth        | 2 3 4 |  4.0
Dodging        | 2 3 4 |  4.0
Fighting       | 1 3 4 |  4.0
Short Blades   | 1 2 3 |  3.0
Conjurations   | 1 4 6 |  6.3
Poison Magic   | 3 |  3.0
Air Magic      | 2 |  2.0
Shields        | 3 |  3.6

Action                     |  1- 3 |  4- 6 |  7- 9 | 10-12 || total
---------------------------+-------+-------+-------+-------++-------
  Melee: Unarmed           |     8 |       |       |       ||     8
         Tailslap          |     7 |    41 |    39 |     8 ||    95
         Whip              |    24 |       |       |       ||    24
         Dagger            |       |   301 |   294 |    38 ||   633
         Punch             |       |     5 |     7 |       ||    12
  Throw: Boomerang         |       |       |     2 |       ||     2
         Dart              |       |       |     6 |       ||     6
   Cast: Freeze            |    39 |    25 |     1 |     4 ||    69
         Frozen Ramparts   |     2 |    11 |    14 |       ||    27
         Ozocubu's Armour  |     1 |     4 |     9 |     1 ||    15
         Mephitic Cloud    |       |       |     6 |       ||     6
         Iskenderun's Myst |       |       |       |     3 ||     3
         Hailstorm         |       |       |       |     1 ||     1
Ability: Breathe Noxious F |       |       |    12 |       ||    12
    Use: Scroll            |     3 |     3 |     9 |       ||    15
         Potion            |       |     1 |     2 |     4 ||     7
   Stab: Sleeping          |       |    10 |     7 |       ||    17
         Confused          |       |       |     5 |       ||     5
 Armour: Skin              |    15 |    88 |   150 |    17 ||   270
  Dodge: Dodged            |    31 |   150 |   183 |    14 ||   378
  Block: Buckler           |       |       |    14 |       ||    14

Table legend: (Time is in decaauts)
 A = Elapsed time spent in this place.
 B = Non-inter-level travel time spent in this place.
 C = Inter-level travel time spent in this place.
 D = Time resting spent in this place.
 E = Time spent auto-exploring this place.
 F = Levels seen in this place.
 G = Mean time per level.
                   A        B        C        D        E       F      G
               +--------+--------+--------+--------+--------+-----+--------+
         Total |   7843 |   7676 |    167 |   1203 |   4214 |   8 |  980.4 |
       Dungeon |   7336 |   7169 |    167 |   1134 |   4214 |   7 | 1048.0 |
       Ossuary |    506 |    506 |      0 |     69 |      0 |   1 |  506.0 |
               +--------+--------+--------+--------+--------+-----+--------+

Top non-repeatable levels by time:
     D:2: 1436 daAuts
     D:7: 1329 daAuts
     D:6: 1108 daAuts
     D:5: 943 daAuts
     D:1: 913 daAuts
     D:3: 805 daAuts
     D:4: 799 daAuts
 Ossuary: 506 daAuts
